 Dungeon Crawl Stone Soup version 0.21.0 (webtiles) character file.

13178 Charmandara the Sharpshooter (level 11, -15/89 HPs)
             Began as a Minotaur Hunter on Jan 7, 2018.
             Was a High Priest of Elyvilon.
             Hit by a large rock thrown by a cyclops (33 damage)
             ... on level 13 of the Dungeon.
             The game lasted 00:40:42 (13511 turns).

Charmandara the Sharpshooter (Minotaur Hunter)     Turns: 13511, Time: 00:40:42

Health: -15/89     AC: 17    Str: 21    XL:     11   Next: 72%
Magic:  1/6        EV:  7    Int: 15    God:    Elyvilon [*****.]
Gold:   361        SH:  0    Dex: 10    Spells: 9/10 levels left

rFire    + + .     SeeInvis .   b - +7 flail "Xurpheabe" {protect, rN++ MP-9 Int+7}
rCold    . . .     Gourm    .   (no shield)
rNeg     + + .     Faith    .   X - +1 plate armour {rF+}
rPois    +         Spirit   .   (helmet restricted)
rElec    .         Reflect  .   (no cloak)
rCorr    .         Harm     .   s - +0 pair of gloves
MR       .....                  A - +0 pair of boots
Stlth    ..........             (no amulet)
HPRegen  0.24/turn              V - ring of protection from fire {rF+, !d}
MPRegen  0.10/turn              H - ring of poison resistance {rPois, !d}

@: about to teleport, very slightly contaminated
A: retaliatory headbutt, horns 2
a: Lesser Healing, Heal Other, Purification, Greater Healing, Divine Vigour,
Divine Protection, Renounce Religion


You were on level 13 of the Dungeon.
You worshipped Elyvilon.
Elyvilon was extremely pleased with you.
You were not hungry.

You visited 2 branches of the dungeon, and saw 14 of its levels.
You also visited: Ossuary.

You collected 815 gold pieces.
You spent 454 gold pieces at shops.

Inventory:

Hand Weapons
 a - a +3 arbalest of freezing
   (You bought it in a shop on level 8 of the Dungeon)
 b - the +7 flail "Xurpheabe" (weapon) {protect, rN++ MP-9 Int+7}
   (You found it on level 11 of the Dungeon)

   It protects the one who uses it against injury (+AC on strike).
   It affects your intelligence (+7).
   It greatly protects you from negative energy.
   It affects your magic capacity (-9).
 w - a +0 broad axe
   (You bought it in a shop on level 10 of the Dungeon)
 J - a +0 morningstar
   (You took it off an orc on level 5 of the Dungeon)
 K - a +1 dagger of speed
   (You took it off an orc on level 12 of the Dungeon)
 P - a +2 hand crossbow
Missiles
 d - 74 bolts
 i - an exploding tomahawk (quivered)
 t - 34 poisoned needles
 C - 5 needles of sleeping
 I - a throwing net {=f, !d}
Armour
 s - a +0 pair of gloves (worn)
   (You found it on level 5 of the Dungeon)
 y - a +0 leather armour of poison resistance
   (You took it off an orc priest on level 9 of the Dungeon)
 A - a +0 pair of boots (worn)
   (You found it on level 7 of the Dungeon)
 M - the +1 leather armour of Tender Moments {-Tele rC+++ Regen+ Dex+4}
   (You bought it in a shop on level 12 of the Dungeon)

   It affects your dexterity (+4).
   It renders you almost immune to cold.
   It prevents most forms of teleportation.
   It increases your rate of regeneration.
 X - a +1 plate armour of fire resistance (worn)
   (You took it off an orc warrior on level 12 of the Dungeon)
Jewellery
 n - an uncursed ring of flight {+Fly, !d}
   (You took it off a centaur on level 12 of the Dungeon)
 v - an uncursed ring of stealth {Stlth+}
   (You found it on level 2 of the Dungeon)
 F - an uncursed ring of magical power {MP+9}
   (You found it on level 9 of the Dungeon)
 H - a ring of poison resistance (right hand) {rPois, !d}
   (You found it on level 5 of the Dungeon)
 V - a ring of protection from fire (left hand) {rF+, !d}
   (You found it on level 11 of the Dungeon)
Wands
 g - a wand of disintegration (13) {@e1}
   (You found it on level 8 of the Dungeon)
 E - a wand of random effects (38)
   (You found it on level 3 of the Dungeon)
 G - a wand of acid (5)
   (You found it on level 4 of the Dungeon)
Scrolls
 c - a scroll of enchant weapon
 h - 7 scrolls of identify
 k - 5 scrolls of remove curse
 l - 2 scrolls of amnesia
 m - 2 scrolls of enchant armour
 p - a scroll of fog
 B - 3 scrolls of immolation {!r}
Potions
 q - a potion of flight
 r - 2 potions of cancellation
 u - 5 potions of curing
 x - 2 potions of mutation {!q}
 z - 2 potions of brilliance
 N - 2 potions of might
 W - 6 potions of haste
Books
 D - a book of Cantrips
   (You found it on level 3 of the Dungeon)
 L - a book of Misfortune
   (You found it on level 5 of the Dungeon)
 O - a book of Conjurations {@e1}
   (You found it on level 8 of the Dungeon)
Comestibles
 f - 10 rations {@e1}


   Skills:
 - Level 6.0 Fighting
 - Level 4.1(5.0) Axes
 - Level 4.4(5.2) Maces & Flails
 * Level 15.4 Crossbows
 - Level 7.7 Armour
 - Level 2.1 Dodging
 - Level 0.7 Stealth
 + Level 7.7 Invocations


You had 9 spell levels left.
You knew the following spells:

 Your Spells              Type           Power        Failure   Level  Hunger
g - Apportation           Tloc           #.....       99%         1    ##.....


Dungeon Overview and Level Annotations

Branches:
Dungeon (13/15)            Temple (1/1) D:7            Lair (0/6) D:9
    Orc (0/2) D:12
 Vaults: D:13-14

Altars:
Ashenzari
Cheibriados
Dithmenos
Elyvilon
Fedhas
Gozag
Hepliaklqana
Kikubaaqudgha
Makhleb
Nemelex Xobeh
Okawaru
Qazlal
Sif Muna
Trog
Uskayaw
Vehumet
Wu Jian
Xom
Yredelemnul
Zin
The Shining One
Beogh

Shops:
D:8 (   D:10 (   D:12 [   D:13 (

Annotations:
D:6 2live's ghost, amateur TrFi
D:13 Maurice


Innate Abilities, Weirdness & Mutations

You reflexively headbutt those who attack you in melee.
You have a pair of horns on your head.


Message History

The soldier ant twitches its antennae in your direction.
A cyclops comes into view.
The cyclops shouts!
A centaur comes into view.
The centaur shouts!
A centaur comes into view.
The centaur shouts! x2
A centaur comes into view.
The centaur shouts!
The centaur hits you but does no damage.
The centaur hits you.
* * * LOW HITPOINT WARNING * * *
The soldier ant stings you but does no damage.
The centaur warrior hits you.
* * * LOW HITPOINT WARNING * * *
A centaur warrior and a two-headed ogre come into view.
You take 8 damage, and have 9/89 hp.
Unknown command.
Unknown command.
Okay, then.
You feel better. The centaur hits you.
* * * LOW HITPOINT WARNING * * *
The centaur hits you but does no damage.
The soldier ant stings you but does no damage.
The centaur warrior hits you.
* * * LOW HITPOINT WARNING * * *
The centaur hits you but does no damage.
The two-headed ogre hits you but does no damage.
The two-headed ogre hits you with a giant spiked club.
* * * LOW HITPOINT WARNING * * *
The cyclops throws a large rock.
The large rock hits you! Elyvilon protects you from harm!
Unknown command.
Unknown command.
Unknown command.
Unknown command.
You are healed.
You feel quite a bit more hungry. The centaur warrior hits you.
* * * LOW HITPOINT WARNING * * *
The centaur hits you but does no damage.
The centaur hits you.
* * * LOW HITPOINT WARNING * * *
The centaur barely misses you. The centaur hits you.
* * * LOW HITPOINT WARNING * * *
The soldier ant stings you but does no damage.
The centaur warrior hits you but does no damage.
The centaur hits you but does no damage.
You regained 13 hp, and now have 23/89 hp.
You now have 1/6 mp.
Unknown command.
Unknown command.
Unknown command.
Unknown command.
Okay, then.
Okay, then.
You don't have enough magic at the moment.
Unknown command.
Unknown command.
Unknown command.
Unknown command.
Okay, then.
As you read the scroll of teleportation, it crumbles to dust.
You feel strangely unstable.
The centaur hits you but does no damage. x3
The soldier ant waves its antennae.
The soldier ant stings you but does no damage.
The two-headed ogre hits you but does no damage.
The two-headed ogre hits you with a giant spiked club.
* * * LOW HITPOINT WARNING * * *
The centaur warrior hits you but does no damage.
The centaur hits you but does no damage.
The centaur closely misses you.
The centaur hits you but does no damage. x2
You take 2 damage, and have 21/89 hp.
Unknown command.
Unknown command.
Unknown command.
Unknown command.
Okay, then.
Okay, then.
Okay, then.
Okay, then.
Okay, then.
Okay, then.
Okay, then.
Unknown command.
Really read
R - a scroll of blinking {!r}?
Blink to where?
You are very lightly contaminated with residual magic.
As you read the scroll of blinking {!r}, it crumbles to dust.
Found a scroll of remove curse.
Found a stone staircase leading up.
Unknown command.
Unknown command.
Unknown command.
The centaur wields a shortbow.
The centaur shoots an arrow.
The arrow hits you.
* * * LOW HITPOINT WARNING * * *
The centaur warrior wields a shortbow.
The centaur warrior shoots an arrow.
The arrow hits you.
* * * LOW HITPOINT WARNING * * *
The cyclops throws a large rock.
The large rock hits you!!
You die...

### #.. #.# #?#
############.######.
#....acc....@.......
#...§c.cC.!######.##
#..O.C.c.....
#...........# .#
#.........D.#
###.#####
#########.#.#
#........ ..#.#
#........ ###.#
#........ #.#
#..(.....


You could see a centaur warrior, 2 cyclopes, a soldier ant and 4 centaurs.

Vanquished Creatures
  2 two-headed ogres
  An orc knight (D:11)
  3 ugly things
  2 kobold demonologists (D:11)
  2 trolls (D:12)
  A merfolk (D:9)
  A hornet (D:12)
  2 hippogriffs
  A wyvern (D:12)
  11 yaks
  Sigmund (D:2)
  A shadow (D:12)
  A vampire (D:12)
  A soldier ant (D:12)
  An ice beast (D:12)
  3 sky beasts
  2 phantoms
  12 orc warriors
  11 ogres
  5 centaurs
  A big kobold (D:9)
  6 bullfrogs
  A water moccasin zombie (Ossuary)
  A wyvern skeleton (D:8)
  2 scorpions
  9 killer bees
  A howler monkey (D:11)
  9 crimson imps
  A centaur zombie (D:4)
  2 bullfrog zombies
  5 jellies
  4 hounds
  5 orc priests
  12 orc wizards
  3 bullfrog skeletons
  4 centaur skeletons
  9 worker ants
  3 big kobold zombies (Ossuary)
  2 mummies (Ossuary)
  2 worker ant zombies
  6 adders
  2 gnolls (D:1)
  A howler monkey skeleton (D:10)
  A shadow imp (D:9)
  An ooze (D:1)
  5 adder zombies (Ossuary)
  3 worms
  A dart slug (D:1)
  2 leopard geckos
  56 orcs
  2 ball pythons
  9 bats
  9 giant cockroaches
  12 goblins
  8 hobgoblins
  4 jackals (D:1)
  A quokka (D:5)
  4 frilled lizards
  3 gnoll zombies (Ossuary)
  10 hobgoblin zombies (Ossuary)
  9 kobolds
  7 kobold zombies (Ossuary)
  An orc zombie (Ossuary)
  6 rats
309 creatures vanquished.

Notes
Turn   | Place    | Note
-------+----------+-------------------------------------------
     0 | D:1      | Charmandara the Minotaur Hunter began the quest for the Orb.
     0 | D:1      | Reached XP level 1. HP: 18/18 MP: 0/0
     2 | D:1      | Noticed a naga
     2 | D:1      | Noticed a felid
     4 | D:1      | Noticed a minotaur
     4 | D:1      | Noticed a demigod
     6 | D:1      | Noticed a draconian
     6 | D:1      | Noticed a troll
     8 | D:1      | Noticed a vampire
     8 | D:1      | Noticed a tengu
    10 | D:1      | Noticed a demonspawn
    10 | D:1      | Noticed an elf
    12 | D:1      | Noticed a centaur
    12 | D:1      | Noticed a human
    14 | D:1      | Noticed a halfling
    18 | D:1      | Noticed a formicid
    18 | D:1      | Noticed an ogre
    20 | D:1      | Noticed a dwarf
    20 | D:1      | Noticed a merfolk
    22 | D:1      | Noticed a spriggan
    22 | D:1      | Noticed a gargoyle
    24 | D:1      | Noticed an octopode
    24 | D:1      | Noticed a vine stalker
    26 | D:1      | Noticed a ghoul
    67 | D:1      | Reached skill level 5 in Crossbows
    67 | D:1      | Reached XP level 2. HP: 20/25 MP: 1/1
   169 | D:1      | Reached XP level 3. HP: 30/30 MP: 2/2
   579 | D:2      | Reached skill level 6 in Crossbows
   624 | D:2      | Reached XP level 4. HP: 23/37 MP: 3/3
   744 | D:2      | Found a white marble altar of Elyvilon.
  1039 | D:2      | Noticed Sigmund
  1054 | D:2      | HP: 5/37 [something (9)]
  1063 | D:2      | HP: 13/55 [something (3)]
  1069 | D:2      | HP: 5/55 [Sigmund/puff of flame (10)]
  1074 | D:2      | Killed Sigmund
  1074 | D:2      | Reached skill level 7 in Crossbows
  1074 | D:2      | Reached XP level 5. HP: 6/42 MP: 4/4
  1412 | D:2      | Found a faded altar of an unknown god.
  1412 | D:2      | Found a faded altar of an unknown god.
  1417 | D:2      | Found a snail-covered altar of Cheibriados.
  1419 | D:2      | Found a stormy altar of Qazlal.
  1420 | D:2      | Found an ornate altar of the Wu Jian Council.
  1830 | D:2      | Became a worshipper of Elyvilon the Healer
  1932 | D:3      | Reached skill level 8 in Crossbows
  1970 | D:3      | Reached XP level 6. HP: 34/50 MP: 5/5
  2490 | D:3      | Found a shattered altar of Ashenzari.
  2852 | D:4      | Reached skill level 9 in Crossbows
  2862 | D:4      | Reached * piety under Elyvilon
  3153 | D:4      | Reached XP level 7. HP: 15/56 MP: 6/6
  4099 | D:5      | Entered Level 5 of the Dungeon
  4099 | D:5      | Reached ** piety under Elyvilon
  4126 | D:5      | Reached skill level 10 in Crossbows
  4412 | D:5      | HP: 13/56 [something (6)]
  4419 | D:5      | HP: 10/56 [something (5)]
  4420 | D:5      | Reached skill level 2 in Armour
  4489 | D:5      | Reached skill level 3 in Fighting
  4911 | D:5      | Reached *** piety under Elyvilon
  4961 | D:5      | Found a glowing silver altar of Zin.
  4961 | D:5      | Found an opulent altar of Gozag.
  5430 | D:6      | Reached skill level 3 in Armour
  5435 | D:6      | Reached XP level 8. HP: 45/66 MP: 7/7
  5553 | D:5      | Reached skill level 4 in Armour
  5647 | D:5      | HP: 14/66 [acid (8)]
  5726 | D:5      | Reached skill level 4 in Fighting
  6038 | D:6      | Noticed 2live's ghost (amateur TrFi)
  6129 | D:7      | Found a sand-covered staircase.
  6146 | Ossuary  | Entered an ossuary
  6397 | Ossuary  | Reached skill level 5 in Armour
  6789 | D:7      | Reached skill level 5 in Fighting
  6789 | D:7      | Reached skill level 6 in Armour
  7068 | D:7      | Reached skill level 7 in Armour
  7207 | D:7      | Found a staircase to the Ecumenical Temple.
  7548 | Temple   | Entered the Ecumenical Temple
  7554 | Temple   | Reached **** piety under Elyvilon
  7728 | D:8      | Reached skill level 6 in Fighting
  7985 | D:8      | Found Qicij's Weapon Boutique.
  7995 | D:8      | Bought a +2 arbalest of freezing for 201 gold pieces
  8035 | D:8      | Found a glowing golden altar of the Shining One.
  8041 | D:8      | Reached XP level 9. HP: 73/75 MP: 8/8
  8265 | D:8      | Learned a level 1 spell: Apportation
  8356 | D:9      | Reached skill level 11 in Crossbows
  8433 | D:9      | Reached skill level 1 in Invocations
  8440 | D:9      | Reached skill level 2 in Invocations
  8511 | D:9      | Found a staircase to the Lair.
  8527 | D:9      | Found a shadowy altar of Dithmenos.
  8551 | D:9      | Reached skill level 12 in Crossbows
  8551 | D:9      | Reached skill level 3 in Invocations
  8552 | D:9      | HP: 17/75 [orc priest/divine providence (12)]
  8858 | D:9      | Noticed a merfolk
  8862 | D:9      | Killed a merfolk
  9122 | D:9      | Reached ***** piety under Elyvilon
  9563 | D:10     | Entered Level 10 of the Dungeon
  9568 | D:10     | Noticed a two-headed ogre
  9571 | D:10     | Killed a two-headed ogre
  9571 | D:10     | Reached skill level 4 in Invocations
  9571 | D:10     | Reached XP level 10. HP: 50/83 MP: 12/12
  9911 | D:10     | Found Niexzam's Weapon Emporium.
  9925 | D:10     | Bought a +0 broad axe for 64 gold pieces
  9999 | D:10     | Reached skill level 13 in Crossbows
 10018 | D:10     | Reached skill level 1 in Axes
 10114 | D:10     | Reached skill level 2 in Axes
 10165 | D:10     | Reached skill level 5 in Invocations
 10385 | D:10     | Reached skill level 3 in Axes
 10766 | D:11     | Noticed a rust devil
 10768 | D:11     | Reached skill level 4 in Axes
 10822 | D:11     | Got a brightly glowing flail
 10824 | D:11     | Identified the +7 flail "Xurpheabe" {protect, rN++ MP-9 Int+7} (You found it on level 11 of the Dungeon)
 10945 | D:11     | Found a roughly hewn altar of Beogh.
 10945 | D:11     | Noticed an orc knight
 10965 | D:11     | HP: 15/83 [orc warrior/mace (18)]
 10969 | D:11     | HP: 4/83 [orc knight/enchanted battleaxe (16)]
 11046 | D:11     | Reached skill level 1 in Maces & Flails
 11168 | D:11     | Noticed a brown ugly thing
 11176 | D:11     | Killed a brown ugly thing
 11176 | D:11     | Reached skill level 2 in Maces & Flails
 11180 | D:11     | Reached skill level 3 in Maces & Flails
 11282 | D:11     | Killed an orc knight
 11291 | D:11     | Reached skill level 4 in Maces & Flails
 11339 | D:11     | Reached XP level 11. HP: 75/89 MP: 14/14
 11346 | D:11     | Reached skill level 6 in Invocations
 11354 | D:11     | Reached skill level 14 in Crossbows
 11526 | D:11     | Noticed a two-headed ogre
 11532 | D:11     | Killed a two-headed ogre
 12085 | D:12     | HP: 33/133 [yak (2)]
 12089 | D:12     | Reached skill level 7 in Invocations
 12091 | D:12     | HP: 28/133 [yak (7)]
 12161 | D:12     | HP: 21/89 [troll (11)]
 12478 | D:12     | Reached skill level 15 in Crossbows
 12503 | D:12     | Found a staircase to the Orcish Mines.
 12889 | D:12     | Found Juojexej's Antique Armour Shoppe.
 12892 | D:12     | Noticed a cyan ugly thing
 12893 | D:12     | Noticed a white ugly thing
 12922 | D:12     | Killed a white ugly thing
 12925 | D:12     | HP: 21/89 [cyan ugly thing (13)]
 12926 | D:12     | Killed a cyan ugly thing
 13382 | D:12     | Bought a bloodstained leather armour for 189 gold pieces
 13392 | D:12     | Identified the +1 leather armour of Tender Moments {-Tele rC+++ Regen+ Dex+4} (You bought it in a shop on level 12 of the Dungeon)
 13465 | D:13     | Found Vocaewuo's Weapon Emporium.
 13467 | D:13     | Noticed Maurice
 13469 | D:13     | Noticed a centaur warrior
 13498 | D:13     | Noticed a six-headed hydra
 13505 | D:13     | HP: 20/89 [meliai/divine providence (10)]
 13506 | D:13     | HP: 9/89 [centaur warrior (5)]
 13507 | D:13     | Noticed a two-headed ogre
 13507 | D:13     | Noticed a centaur warrior
 13507 | D:13     | Elyvilon protects you from harm!
 13511 | D:13     | HP: 20/89 [centaur/arrow[a centaur warrior] (2)]
 13511 | D:13     | Hit by a large rock thrown by a cyclops

Skill      XL: |  1  2  3  4  5  6  7  8  9 10 11 |
---------------+----------------------------------+-----
Crossbows      | 5 6 7 8 9 10 12 13 15 | 15.4
Armour         | 3 7 |  7.7
Fighting       | 3 6 |  6.0
Invocations    | 4 5 7 |  7.7
Axes           | 4 |  4.1
Maces & Flails | 4 |  4.4
Dodging        | |  2.1
Stealth        | |  0.7

Action                   |  1- 3 |  4- 6 |  7- 9 | 10-12 || total
-------------------------+-------+-------+-------+-------++-------
Melee: Short sword       |    43 |    79 |   192 |       ||   314
       Headbutt          |     5 |     8 |    38 |    34 ||    85
       Broad axe         |       |       |       |   102 ||   102
       Flail             |       |       |       |   103 ||   103
 Fire: Hand crossbow     |    33 |    73 |   127 |       ||   233
       Arbalest          |       |       |    59 |   187 ||   246
Throw: Tomahawk          |       |     1 |       |     2 ||     3
Invok: Greater Healing   |       |       |       |     1 ||     1
Evoke: Wand              |       |       |     1 |       ||     1
  Use: Potion            |       |     3 |     7 |    10 ||    20
       Scroll            |       |       |    18 |     9 ||    27
 Stab: Sleeping          |       |     3 |     1 |       ||     4
  Eat: Chunk             |       |     3 |    12 |     9 ||    24
       Ration            |       |     1 |     3 |     1 ||     5
Armor: Leather armour    |    13 |     1 |    37 |       ||    51
       Skin              |       |     7 |       |    66 ||    73
       Robe              |       |     9 |     1 |       ||    10
       Chain mail        |       |       |    20 |   218 ||   238
       Plate armour      |       |       |       |    53 ||    53
Dodge: Dodged            |    48 |    61 |   184 |   158 ||   451

Vault maps used:
D:1:      kb_arrival_jail
D:2:      old_standard_altar, chequers_temple_overflow_minitemple, first_ration,
          chequers_big_river, uniq_sigmund
D:3:      evilmike_ruin_ashenzari
D:5:      grunt_temple_overflow_gold_and_silver, minmay_misc_feat_rugged
D:6:      nicolae_ru_sacrificial_ziggurat, uniq_grinder
D:7:      minmay_temple_entry_nine_rooms, chequers_ossuary_entry_cave,
          kennysheep_generic_room_15
D:8:      serial_shops, shop, basic_altar
D:9:      nicolae_dithmenos_the_darkroom, dpeg_oklobed_lair, serial_glass,
          glass_columns_b, glass_columns_c, hangedman_fish_farm
D:10:     serial_shops, nicolae_shop_stone
D:12:     orc_0_dummy, serial_shops, nicolae_shop_stone
D:13:     serial_shops, nicolae_shop_behind_doors, lab_entry_generic,
          minivault_20, uniq_maurice, uniq_kirke
Temple:   dshaligram_water_room_temple
Ossuary:  ossuary_tomb_2

Table legend:
 A = Turns spent in this place as a percentage of turns spent in the entire game.
 B = Non-inter-level travel turns spent in this place as a percentage of non-inter-level travel turns spent in the entire game.
 C = Inter-level travel turns spent in this place as a percentage of turns spent in this place.
 D = Turns resting spent in this place as a percentage of non-inter-level travel turns spent in this place.
 E = Turns spent auto-exploring this place as a percentage of non-inter-level travel turns spent in this place.
 F = Non-inter-level travel turns spent in this place divided by the number of levels of this place that you've seen.
                   A       B       C       D       E      F
               +-------+-------+-------+-------+-------+----------------------
         Total | 100.0 | 100.0 |   4.9 |  32.6 |  43.4 | 857.0
       Dungeon |  94.8 |  94.7 |   5.0 |  31.8 |  44.9 | 936.2
        Temple |   1.0 |   0.8 |  16.8 |   0.0 |  96.3 | 109.0
       Ossuary |   4.3 |   4.5 |   0.0 |  56.7 |   0.0 | 575.0
               +-------+-------+-------+-------+-------+----------------------

Table legend:
 A = Kills in this place as a percentage of kills in entire the game.
 B = Kills by you in this place as a percentage of kills by you in the entire game.
 C = Kills by friends in this place as a percentage of kills by friends in the entire game.
 D = Other kills in this place as a percentage of other kills in the entire game.
 E = Experience gained in this place as a percentage of experience gained in the entire game.
 F = Experience gained in this place divided by the number of levels of this place that you have seen.
                   A       B       C       D       E      F
               +-------+-------+-------+-------+-------+----------------------
         Total | 100.0 | 100.0 |   N/A |   N/A | 100.0 | 1255.1
       Dungeon |  89.6 |  89.6 |   N/A |   N/A |  98.7 | 1429.8
       Ossuary |  10.4 |  10.4 |   N/A |   N/A |   1.3 | 238.0
               +-------+-------+-------+-------+-------+----------------------
